 Dungeon Crawl Stone Soup version 0.30.1-4-g462c640d31 (webtiles) character file.

Game seed: 6013773777008697041

144 leafyfresh the Covert (level 5, -2/51 HPs)
             Began as a Naga Delver on Aug 17, 2023.
             Slain by a gnoll
             ... wielding a +1 spear of distortion
             ... led by a gnoll sergeant
              (4 damage)
             ... on level 6 of the Dungeon.
             The game lasted 00:02:35 (1293 turns).

leafyfresh the Covert (Naga Delver)                 Turns: 1293, Time: 00:02:36

Health: -2/51      AC:  3    Str: 15    XL:     5   Next: 27%
Magic:  5/5        EV:  9    Int: 12    God:
Gold:   87         SH:  0    Dex: 12    Spells: 4/4 levels left

rFire   . . .        a - +0 short sword
rCold   . . .        (no shield)
rNeg    . . .        b - +0 leather armour
rPois   +            (no helmet)
rElec   .            (no cloak)
rCorr   .            (no gloves)
SInv    +            (no barding)
Will    .....        (no amulet)
Stlth   ++++         l - ring of poison resistance
HPRegen 0.28/turn    (no ring)
MPRegen 0.09/turn

%: no passive effects
@: very slow
A: AC +1, large, see invisible, deformed body, poison resistance, slowness 2,
spit poison 1, naga tail 1
a: Spit Poison


You were on level 6 of the Dungeon.
You visited 1 branch of the dungeon, and saw 2 of its levels.

You collected 87 gold pieces.

Inventory:

Hand Weapons
 a - a +0 short sword (weapon)
Armour
 b - a +0 leather armour (worn)
Jewellery
 l - a ring of poison resistance (left hand)
Wands
 g - a wand of digging (3)
 k - a wand of iceblast (3)
 q - a wand of mindburst (9)
Scrolls
 c - a scroll of fog
 d - a scroll of magic mapping
 e - a scroll of fear
 h - a scroll of teleportation {unknown}
 i - a scroll of identify {unknown}
 n - a scroll of noise {unknown}
 p - a scroll of brand weapon {unknown}
Potions
 f - a potion of haste
 j - a potion of degeneration {unknown}
 m - a potion of heal wounds {unknown}
 o - a potion of resistance {unknown}


   Skills:
 + Level 4.7 Fighting
 - Level 2.0 Short Blades
 - Level 1.5 Dodging
 - Level 9.0 Stealth


You had 4 spell levels left.
You didn't know any spells.
Your spell library was empty.

Dungeon Overview and Level Annotations

Branches:
Dungeon (6/15)
 Temple: D:4-7

Altars:
Qazlal


Innate Abilities, Weirdness & Mutations

Your serpentine skin is tough. (AC +1)
You have supernaturally acute eyesight. (SInv)
Armour fits poorly on your strangely shaped body.
Your system is resistant to poisons. (rPois)
You cover ground very slowly.
You can spit poison.
You have a snake-like lower body.


Message History

Aim: a gnoll, wielding a +1 spear of distortion (65% to hit)
The splash of poison misses the gnoll.
The gnoll barely misses you.
Unknown command.
You can't do that yet.
The gnoll misses you.
You hit the gnoll but do no damage. The gnoll closely misses you.
You hit the gnoll.
The gnoll is lightly wounded.
The gnoll hits you with a +1 spear of distortion.
You don't know any spells.
Okay, then.
You hit the gnoll but do no damage.
The gnoll is lightly wounded.
The gnoll hits you with a +1 spear of distortion.
Space warps around you.
You hit the gnoll.
The gnoll is moderately wounded.
You have got your breath back.
The gnoll barely misses you.
You hit the gnoll.
The gnoll is severely wounded.
You hit the gnoll.
The gnoll is almost dead.
The gnoll barely misses you.
You closely miss the gnoll.
The gnoll is almost dead.
The gnoll hits you with a +1 spear of distortion.
You blink.
You hit the gnoll but do no damage.
The gnoll is almost dead.
The gnoll hits you with a +1 spear of distortion!
Space warps around you.
* * * LOW HITPOINT WARNING * * *
You hit the gnoll but do no damage.
The gnoll is almost dead.
The gnoll hits you with a +1 spear of distortion!
* * * LOW HITPOINT WARNING * * *
Space warps around you.
You die...

.+ .# ##### ..
#########.....#
#.......+.....#
#.......#.....#
###.###.#.....#
#.###.##....#
#...#..#..[.#
#...#.@'....#
#...#.g#....#♣
+...#.§#.....♣
#..###.#.....♣
###..###'###+#.♣
#.....#...
#.....#
#.....#....
#.....#
##..########
#.....# #.<#####
......#


You could see a gnoll.

Vanquished Creatures
  A phantom (D:5)
  2 jellies (D:5)
  A white imp (D:5)
  An orc (D:5)
  3 jackals (D:5)
  2 quokkas (D:5)
10 creatures vanquished.

Notes
Turn   | Place    | Note
-------+----------+-------------------------------------------
     0 | D:5      | leafyfresh the Naga Delver began the quest for the Orb.
     0 | D:5      | Reached XP level 1. HP: 21/21 MP: 1/1
   116 | D:5      | Reached XP level 2. HP: 9/28 MP: 2/2
   448 | D:5      | Reached skill level 8 in Stealth
   448 | D:5      | Reached XP level 3. HP: 34/34 MP: 3/3
   463 | D:5      | Reached skill level 9 in Stealth
   522 | D:5      | Noticed a phantom
   527 | D:5      | Found a stormy altar of Qazlal.
   541 | D:5      | Killed a phantom
   542 | D:5      | Reached XP level 4. HP: 15/44 MP: 4/4
  1024 | D:5      | Reached XP level 5. HP: 51/51 MP: 5/5
  1189 | D:6      | Noticed a kobold brigand
  1293 | D:6      | HP: 2/51 [gnoll/+1 spear of distortion[a gnoll sergeant]
                  | (10)]
  1293 | D:6      | Slain by a gnoll

Illustrated notes

Levels and vault maps discovered:
D:5:      layout_rooms, lemuel_crystal_altar
D:6:      layout_gridville, serial_shops, nicolae_shop_peninsula,
          minmay_pentangle, uniq_grinder

Skill      XL: |  1  2  3 |
---------------+----------+-----
Stealth        | 8 9 |  9.0
Fighting       | 4 |  4.7
Short Blades   | |  2.0
Dodging        | |  1.5

Action                     |  1- 3 |  4- 6 || total
---------------------------+-------+-------++-------
  Melee: Short sword       |    49 |    10 ||    59
Ability: Spit Poison       |       |     1 ||     1
  Evoke: Wand              |     4 |       ||     4
   Stab: Sleeping          |     3 |     1 ||     4
 Armour: Leather armour    |     2 |       ||     2
  Dodge: Dodged            |    24 |     5 ||    29
